 Dungeon Crawl Stone Soup version 0.23-a0-451-g1044d4cbad (webtiles) character file.

8313 LLavrengius the Fighter (level 11, -9/76 HPs)
             Began as a Gargoyle Earth Elementalist on Nov 22, 2018.
             Was an Elder of Ru.
             Mangled by a freezing wraith (22 damage)
             ... on level 13 of the Dungeon on Nov 23, 2018.
             The game lasted 01:28:33 (17319 turns).

LLavrengius the Fighter (GrEE)                     Turns: 17319, Time: 01:28:34

Health: -9/76      AC: 18    Str: 14    XL:     11   Next: 28%
Magic:  19/32      EV: 10    Int: 19    God:    Ru [****..]
Gold:   781        SH: 11    Dex: 10    Spells: 10/26 levels left

rFire    . . .     SeeInvis .   N - +3 whip (venom)
rCold    . . .     Gourm    +   K - +0 shield
rNeg     + . .     Faith    .   V - +2 leather armour {MR+}
rPois    ∞         Spirit   .   X - +2 hat
rElec    +         Reflect  .   G - +0 cloak
rCorr    .         Harm     .   m - +0 pair of gloves
MR       +....                  f - +0 pair of boots
Stlth    ++........             x - amulet of the gourmand
HPRegen  0.22/turn              J - ring of wizardry
MPRegen  0.23/turn              s - ring of magical power

@: slowed, very slow
A: negative energy resistance 1, electricity resistance, unbreathing,
petrification resistance, rot immunity, inability to train armour, disrupted
magic 1, inexperienced 1, AC +8
a: Draw Out Power, Power Leap, Renounce Religion


You were on level 13 of the Dungeon.
You worshipped Ru.
Ru was greatly pleased with you.
You were very full.

You visited 2 branches of the dungeon, and saw 14 of its levels.
You also visited: Ice Cave.

You collected 781 gold pieces.

Inventory:

Hand Weapons
 c - a +2 glaive of protection
 h - a +1 short sword of holy wrath
 H - a +2 whip of electrocution
 N - a +3 whip of venom (weapon)
 R - a +2 dagger of venom
 U - a +1 great sword of slicing
 W - a +2 battleaxe of freezing
Missiles
 b - 132 stones
 u - 87 sling bullets
 C - 7 tomahawks (quivered)
 F - 3 throwing nets
Armour
 f - a +0 pair of boots (worn)
 m - a +0 pair of gloves (worn)
 G - a +0 cloak (worn)
 K - a +0 shield (worn)
 V - a +2 leather armour of magic resistance (worn)
 X - a +2 hat (worn)
Magical Staves
 D - an uncursed staff of fire
Jewellery
 n - an uncursed ring of protection from cold
 s - a ring of magical power (right hand)
 x - an amulet of the gourmand (around neck)
 J - a ring of wizardry (left hand)
 M - an uncursed ring of protection from cold
 S - an uncursed amulet of the acrobat
Wands
 e - a wand of paralysis (2)
 i - a wand of clouds (7)
 O - a wand of scattershot (6)
 Y - a wand of disintegration (9)
 Z - a wand of digging (6)
Scrolls
 l - a scroll of enchant weapon
 p - a scroll of immolation
 r - 4 scrolls of identify
 t - 3 scrolls of fog
 y - 2 scrolls of fear
 A - 6 scrolls of remove curse
 B - 3 scrolls of teleportation
 E - 4 scrolls of amnesia
 I - a scroll of magic mapping
 T - a scroll of random uselessness {unknown}
Potions
 a - 9 potions of curing
 g - 2 potions of heal wounds
 j - a potion of brilliance {unknown}
 k - 6 potions of lignification
 o - 5 potions of haste
 q - 2 potions of berserk rage {unknown}
 v - a potion of magic {unknown}
 w - 3 potions of agility
 z - 4 potions of might
 L - 2 potions of flight
 P - 2 potions of mutation {unknown}
 Q - 2 potions of ambrosia {unknown}
Comestibles
 d - 25 rations


   Skills:
 + Level 12.7 Fighting
 + Level 7.4 Maces & Flails
 - Level 1.5 Dodging
 - Level 2.1 Stealth
 + Level 10.5 Shields
 + Level 8.3 Spellcasting
 - Level 5.0 Charms
 - Level 0.7 Transmutations
 - Level 12.0 Earth Magic


You had 10 spell levels left.
You knew the following spells:

 Your Spells              Type           Power        Failure   Level  Hunger
a - Sandblast             Erth           ######       1%          1    None
b - Passwall              Tmut/Erth      ####....     1%          2    None
c - Lee's Rapid Deconstr  Erth           ######....   2%          5    #####..
d - Regeneration          Chrm/Necr      ###.......   12%         3    None
e - Spectral Weapon       Hex/Chrm       ###.....     12%         3    None
f - Song of Slaying       Chrm           ####....     2%          2    None

Your spell library contained the following spells:

 Spells                   Type           Power        Failure   Level  Hunger
 Infusion                 Chrm           ####         1%          1    None
 Stone Arrow              Conj/Erth      ####..       3%          3    None
 Shroud of Golubria       Chrm/Tloc      ###.......   6%          2    None
 Petrify                  Tmut/Erth      ####....     9%          4    ###....


Dungeon Overview and Level Annotations

Branches:
Dungeon (13/15)            Temple (1/1) D:4            Lair (0/6) D:11
    Orc (0/2) D:9
 Vaults: D:13-14

Altars:
Ashenzari
Cheibriados
Dithmenos
Elyvilon
Fedhas
Gozag
Hepliaklqana
Kikubaaqudgha
Makhleb
Nemelex Xobeh
Okawaru
Qazlal
Ru
Sif Muna
Trog
Uskayaw
Vehumet
Wu Jian
Xom
Yredelemnul
Zin
The Shining One
Beogh

Shops:
D:4 [   D:12 ?

Annotations:
D:4 2 transporters, twirl's ghost, amateur GrFi
D:6 3 runed doors, runewalsh's ghost, novice OpWz
D:12 2 runed doors


Innate Abilities, Weirdness & Mutations

You are resistant to torment.
Your stone body is resilient. (AC +8)
You are immune to poison.
You resist negative energy. (rN+)
You are resistant to electric shocks. (rElec)
You can survive without breathing.
You are immune to petrification.
You are immune to rotting.
You cannot train Armour skill.
Your casting is slightly disrupted.
You are somewhat inexperienced. (-2 XL)


Message History

The blast of sand misses the freezing wraith.
b - 132 stones The freezing wraith hits you.
The freezing wraith freezes you!
* * * LOW HITPOINT WARNING * * *
The freezing wraith hits you.
* * * LOW HITPOINT WARNING * * *
The freezing wraith drains your vigour!
You feel yourself slow down.
You focus your will and blind the freezing wraith in retribution!
Casting: Sandblast (safe; 1% risk of failure)
Confirm with . or Enter, or press ? or * to list all spells.
Aiming: Lee's Rapid Deconstruction (safe; 2% risk of failure)
Press: ? - help, Dir - move target cursor, p - freezing wraith A rock wall.
The wall shatters!
The blast of rock fragments hits the freezing wraith.
The freezing wraith is moderately damaged.
The freezing wraith hits you!
* * * LOW HITPOINT WARNING * * *
The freezing wraith freezes you!!
You die...

....#.....# .)..##....#
... ######....## 5.#####
...........+ .......
....†......# .......
...........# .......
....######## .......
##'##......########.......
......####.(....@W........
.....O# #...........#....
####..# #....###....# .
......####...........#
.......)...............
########################


You could see a freezing wraith (blind).

Vanquished Creatures
  Gastronok (D:11)
  A frost giant (IceCv)
  Erolcha (D:12)
  4 two-headed ogres
  Pikel (D:7)
  An ugly thing (D:13)
  A deep elf mage (D:12)
  2 manticores
  Maurice (D:9)
  A gargoyle (D:10)
  An ice statue (IceCv)
  3 centaur skeletons
  A komodo dragon (D:11)
  3 trolls
  15 polar bears (IceCv)
  7 slime creatures (D:12)
  2 hippogriffs
  13 yaks
  A vampire (D:12)
  A wraith (D:10)
  3 hungry ghosts
  Edmund (D:5)
  An acid dragon (D:12)
  7 orc warriors
  A sky beast (D:7)
  11 ice beasts
  A slave (D:7)
  8 ogres
  The ghost of ig87 the Poker, an amateur NaWr (D:3)
  2 phantoms
  9 wolves (IceCv)
  5 centaurs
  8 crocodiles
  4 big kobolds
  4 bullfrogs
  5 gnoll sergeants (D:9)
  A wyvern skeleton (D:12)
  3 scorpions
  10 killer bees
  12 wights
  An electric eel (D:11)
  5 howler monkeys
  A quasit (D:9)
  3 bullfrog zombies
  13 orc priests
  6 hounds
  11 orc wizards
  4 crimson imps
  2 gnoll shamans
  Natasha (thrice) (D:2)
  11 iguanas
  8 worker ants
  A hound zombie (D:11)
  A hound skeleton (D:6)
  A howler monkey zombie (D:11)
  10 adders
  12 gnolls
  6 shadow imps
  2 oozes
  An adder skeleton (D:4)
  2 adder zombies
  3 worms (D:2)
  4 dart slugs
  16 leopard geckos
  71 orcs
  7 giant cockroaches
  11 goblins
  3 hobgoblins
  11 jackals
  3 quokkas
  5 ball pythons
  6 bats
  14 frilled lizards
  A jackal zombie (D:7)
  10 kobolds
  A leopard gecko zombie (D:5)
  2 quokka zombies
  11 rats
  A plant (D:11)
442 creatures vanquished.

Notes
Turn   | Place    | Note
-------+----------+-------------------------------------------
     0 | D:1      | LLavrengius the Gargoyle Earth Elementalist began the quest
                  | for the Orb.
     0 | D:1      | Reached XP level 1. HP: 10/10 MP: 3/3
   304 | D:1      | Reached skill level 1 in Fighting
   314 | D:1      | Reached XP level 2. HP: 8/16 MP: 3/5
   909 | D:2      | Reached XP level 3. HP: 20/21 MP: 6/6
  1175 | D:2      | Noticed Natasha
  1180 | D:2      | Killed Natasha
  1180 | D:2      | Reached XP level 4. HP: 27/27 MP: 2/7
  1315 | D:2      | Reached skill level 5 in Earth Magic
  1823 | D:2      | Noticed Natasha
  2001 | D:2      | Reached XP level 5. HP: 24/32 MP: 8/8
  2053 | D:2      | Learned a level 2 spell: Passwall
  2059 | D:2      | Learned a level 5 spell: Lee's Rapid Deconstruction
  2088 | D:2      | Killed Natasha
  2214 | D:2      | Noticed Natasha
  2217 | D:2      | Killed Natasha
  2380 | D:3      | Found a shattered altar of Ashenzari.
  3037 | D:3      | Found a runed door.
  3040 | D:3      | Noticed ig87's ghost (amateur NaWr)
  3098 | D:3      | Killed ig87's ghost
  3098 | D:3      | Reached XP level 6. HP: 28/39 MP: 8/9
  3196 | D:4      | Found Offaorphixie's Antique Armour Shoppe.
  3288 | D:4      | Reached skill level 5 in Fighting
  3376 | D:4      | Found a staircase to the Ecumenical Temple.
  3395 | D:4      | Found a hide-covered altar of Uskayaw.
  3409 | Temple   | Entered the Ecumenical Temple
  3544 | Temple   | Became a worshipper of Ru the Awakened
  3577 | D:4      | Noticed twirl's ghost (amateur GrFi)
  3578 | D:4      | Found a transporter.
  3578 | D:4      | Identified the cursed +2 great mace of Victory {drain, rC+
                  | Str+4 Int+2 Dex+4}
  3581 | D:4      | Found a transporter.
  3813 | D:4      | Reached XP level 7. HP: 40/44 MP: 10/10
  4295 | D:5      | Entered Level 5 of the Dungeon
  5048 | D:5      | Noticed Edmund
  5061 | D:5      | Killed Edmund
  5061 | D:5      | Reached skill level 1 in Shields
  5583 | D:5      | Reached XP level 8. HP: 20/52 MP: 8/11
  5993 | D:6      | Noticed runewalsh's ghost (novice OpWz)
  6033 | D:6      | Found an opulent altar of Gozag.
  6034 | D:6      | Found a bloodstained altar of Trog.
  6287 | D:6      | Found a runed gate.
  6288 | D:6      | Found a runed gate.
  6289 | D:6      | Found a runed gate.
  6657 | D:7      | Reached XP level 9. HP: 44/59 MP: 10/12
  6910 | D:7      | Noticed Pikel
  6925 | D:7      | Killed Pikel
  6925 | D:7      | Reached skill level 10 in Earth Magic
  8164 | D:8      | Found a roughly hewn altar of Beogh.
  8331 | D:8      | Reached skill level 5 in Shields
  8529 | D:9      | Noticed Maurice
  8550 | D:9      | Paralysed by Maurice for 5 turns
  8558 | D:9      | Paralysed by Maurice for 3 turns
  8568 | D:9      | Killed Maurice
  8568 | D:9      | Reached XP level 10. HP: 47/66 MP: 3/15
  8719 | D:9      | Noticed a two-headed ogre
  8723 | D:9      | Killed a two-headed ogre
  8946 | D:9      | Found a staircase to the Orcish Mines.
  8960 | D:9      | Reached skill level 10 in Fighting
  9569 | D:9      | Found a glowing golden altar of the Shining One.
  9645 | D:9      | Reached skill level 1 in Maces & Flails
  9650 | D:9      | Found an ancient bone altar of Kikubaaqudgha.
  9871 | D:10     | Entered Level 10 of the Dungeon
  9926 | D:10     | Reached skill level 5 in Spellcasting
 10151 | D:10     | Noticed a gargoyle
 10153 | D:10     | Killed a gargoyle
 10153 | D:10     | Reached XP level 11. HP: 73/73 MP: 16/18
 10298 | D:10     | Found a white marble altar of Elyvilon.
 10358 | D:10     | Noticed a two-headed ogre
 10361 | D:10     | Learned a level 3 spell: Regeneration
 10364 | D:10     | Killed a two-headed ogre
 10605 | D:10     | Gained mutation: Your casting is slightly disrupted. [Ru
                  | sacrifice]
 10605 | D:10     | Reached * piety under Ru
 10658 | D:10     | Noticed a two-headed ogre
 10664 | D:10     | Killed a two-headed ogre
 10744 | D:10     | Noticed a manticore
 10757 | D:9      | Reached skill level 1 in Charms
 11233 | D:10     | Killed a manticore
 11721 | D:11     | Found a frozen archway.
 11741 | IceCv    | Entered an ice cave
 12205 | IceCv    | Reached XP level 12. HP: 80/80 MP: 14/21
 12227 | IceCv    | Reached skill level 5 in Maces & Flails
 12970 | IceCv    | Noticed a frost giant
 13368 | IceCv    | HP: 4/80 [frost giant/+2 battleaxe of freezing (5)]
 13372 | IceCv    | Killed a frost giant
 14645 | D:11     | Found a staircase to the Lair.
 14797 | D:11     | Gained mutation: You cannot train Armour skill. [Ru
                  | sacrifice]
 14797 | D:11     | Reached ** piety under Ru
 14804 | D:11     | Noticed Gastronok
 14826 | D:11     | Killed Gastronok
 15413 | D:11     | Noticed a two-headed ogre
 15422 | D:11     | Killed a two-headed ogre
 15422 | D:11     | Reached skill level 5 in Charms
 15533 | D:11     | Reached skill level 10 in Shields
 15756 | D:11     | Learned a level 3 spell: Spectral Weapon
 15759 | D:11     | Learned a level 2 spell: Song of Slaying
 16151 | D:12     | Reached XP level 13. HP: 75/87 MP: 24/24
 16519 | D:12     | Noticed Erolcha
 16544 | D:12     | Killed Erolcha
 16838 | D:12     | Found a runed door.
 16838 | D:12     | Noticed an ice dragon
 16838 | D:12     | Noticed a fire dragon
 16840 | D:12     | Noticed a fire dragon
 16840 | D:12     | Noticed an ice dragon
 16841 | D:12     | Found the +2 shield of Resistance {rF+ rC+ MR+}
 16863 | D:12     | Found a runed door.
 16903 | D:12     | Found Ostraf's Magic Scroll Emporium.
 17157 | D:13     | Gained mutation: You are somewhat inexperienced. (-2 XL)
                  | [Ru sacrifice]
 17157 | D:13     | Reached XP level 12. HP: 82/82 MP: 33/33
 17157 | D:13     | Reached XP level 11. HP: 76/76 MP: 32/32
 17157 | D:13     | Reached *** piety under Ru
 17157 | D:13     | Reached **** piety under Ru
 17319 | D:13     | Mangled by a freezing wraith

Vault maps used:
D:1:      minmay_arrival_hallway
D:2:      minmay_diamond_boxcup, uniq_natasha
D:3:      nicolae_ashenzari_panopticon, gammafunk_ghost_grave
D:4:      old_standard_altar, minmay_temple_entry_arrows, gammafunk_ghost_smash,
          serial_shops, nicolae_shop_overgrown_old_shop,
          hangedman_abyss_or_decor_slice
D:5:      first_ration, uniq_edmund
D:6:      gammafunk_temple_overflow_statue, gammafunk_ghost_split
D:7:      uniq_pikel
D:8:      special_room
D:9:      nicolae_tso_carved_into_rock, kiku_gazebo_pond_becter,
          kennysheep_orc_monster_closet_entryway, grunt_ogre_cave, uniq_maurice
D:10:     small_chamber_with_monster, elyvilon_altar_1
D:11:     lemuel_reptile_caves, david_lair_shrubbed,
          portal_ice_cave_entry_ice_beasts, uniq_gastronok
D:12:     serial_shops, shop, minmay_guarded_unrand_resistance, uniq_erolcha
Temple:   lightli_temple_of_artemis
IceCv:    ice_cave_small_giant

Skill      XL: |  1  2  3  4  5  6  7  8  9 10 11 12 13 |
---------------+----------------------------------------+-----
Fighting       | 1 2 3 4 5 6 7 9 10 11 12 | 12.7
Earth Magic    | 4 5 6 7 8 9 11 12 | 12.0
Shields        | 2 4 5 7 8 10 | 10.5
Spellcasting   | 3 5 6 7 8 |  8.3
Maces & Flails | 2 4 6 7 |  7.4
Charms         | 3 5 |  5.0
Dodging        | |  1.5
Stealth        | |  2.1
Transmutations | |  0.7

Action                   |  1- 3 |  4- 6 |  7- 9 | 10-12 | 13-15 || total
-------------------------+-------+-------+-------+-------+-------++-------
Melee: Short sword       |    53 |   268 |   181 |       |       ||   502
       Unarmed           |     8 |       |       |       |       ||     8
       Whip              |       |       |   163 |   622 |   102 ||   887
       Great sword       |       |       |       |     4 |       ||     4
Throw: Tomahawk          |       |       |       |       |     1 ||     1
 Cast: Sandblast         |    12 |    28 |   141 |   119 |    28 ||   328
       Lee's Rapid Decon |       |       |     4 |    84 |    12 ||   100
       Passwall          |       |       |       |     1 |       ||     1
       Regeneration      |       |       |       |     1 |       ||     1
Invok: Reject Sacrifices |       |       |     1 |       |       ||     1
       Sacrifice Essence |       |       |       |     1 |       ||     1
       Sacrifice Experie |       |       |       |     1 |       ||     1
       Sacrifice Durabil |       |       |       |     1 |       ||     1
  Use: Scroll            |       |     3 |    11 |     5 |       ||    19
       Potion            |       |       |       |     8 |       ||     8
 Stab: Sleeping          |     4 |     5 |       |     1 |       ||    10
       Distracted        |       |     1 |       |     1 |     1 ||     3
       Invisible         |       |       |       |     3 |       ||     3
  Eat: Chunk             |     1 |     6 |    26 |    57 |     9 ||    99
       Ration            |       |     1 |       |       |       ||     1
Armor: Robe              |    25 |    88 |   115 |   109 |       ||   337
       Ring mail         |       |    47 |   131 |       |       ||   178
       Leather armour    |       |       |       |   181 |    39 ||   220
Dodge: Dodged            |    51 |   200 |   219 |   259 |    36 ||   765
Block: Buckler           |       |       |    36 |       |       ||    36
       Shield            |       |       |   114 |   352 |    46 ||   512

Table legend:
 A = Non-vault XP
 B = Vault XP
 C = Vault XP percentage of total XP
 D = Non-vault monster count
 E = Vault monster count
 F = Vault count percentage of total count
                 A         B        C        D         E       F
            +---------+---------+-------+---------+---------+-------
      Total |   18593 |   19189 |  50.8 |     304 |     136 |  30.9
            +---------+---------+-------+---------+---------+-------
        D:1 |      33 |       0 |   0.0 |      20 |       0 |   0.0
        D:2 |     129 |      72 |  35.8 |      29 |       8 |  21.6
        D:3 |      72 |     124 |  63.3 |      21 |       1 |   4.5
        D:4 |     277 |       0 |   0.0 |      14 |       0 |   0.0
        D:5 |     427 |     157 |  26.9 |      15 |       1 |   6.2
        D:6 |     583 |       0 |   0.0 |      13 |       0 |   0.0
        D:7 |     746 |     629 |  45.7 |      20 |       1 |   4.8
        D:8 |     930 |     381 |  29.1 |      27 |      27 |  50.0
        D:9 |    1568 |    2280 |  59.3 |      17 |      21 |  55.3
       D:10 |    5712 |     510 |   8.2 |      62 |       1 |   1.6
       D:11 |    2791 |    4403 |  61.2 |      26 |      39 |  60.0
       D:12 |    4378 |    1027 |  19.0 |      32 |       1 |   3.0
       D:13 |     947 |       0 |   0.0 |       8 |       0 |   0.0
      IceCv |       0 |    9606 | 100.0 |       0 |      36 | 100.0
            +---------+---------+-------+---------+---------+-------
